 Dungeon Crawl Stone Soup version 0.20.1-1-g8b1a95d (webtiles) character file.

91 slep the Cudgeler (level 4, -1/34 HPs)
             Began as a Demonspawn Wanderer on Oct 22, 2017.
             Was an Initiate of Gozag.
             Killed from afar by an orc wizard (3 damage)
             ... with a magic dart
             ... on level 3 of the Dungeon.
             The game lasted 00:13:02 (2005 turns).

slep the Cudgeler (Demonspawn Wanderer)             Turns: 2005, Time: 00:13:03

Health: -1/34      AC:  6    Str: 11    XL:     4   Next: 33%
Magic:  4/4        EV: 10    Int: 16    God:    Gozag
Gold:   230        SH:  0    Dex: 12    Spells: 3/3 levels left

rFire    . . .     SeeInvis .   a - +2 dagger
rCold    . . .     Gourm    .   (no shield)
rNeg     . . .     Faith    .   g - +0 ring mail
rPois    .         Spirit   .   q - +0 helmet
rElec    .         Reflect  .   (no cloak)
rCorr    .         Harm     .   (no gloves)
MR       .....                  (no boots)
Stlth    +.........             (no amulet)
Regen    0.2/turn               (no ring)
MPRegen  0.1/turn               (no ring)

@: slowed, very slow
A: demonic guardian 1, powered by death 1
a: Potion Petition, Call Merchant, Bribe Branch, Renounce Religion


You were on level 3 of the Dungeon.
You worshipped Gozag.
Gozag was aware of your devotion.
You were hungry.

You visited 1 branch of the dungeon, and saw 3 of its levels.

You collected 230 gold pieces.

Inventory:

Hand Weapons
 a - a +2 dagger (weapon)
 d - a +0 mace
 o - a +1 dagger of draining
Missiles
 t - 8 silver javelins (quivered)
 x - 4 poisoned tomahawks
Armour
 e - a +0 robe
 g - a +0 ring mail (worn)
 q - a +0 helmet (worn)
Scrolls
 b - a scroll of fear
 i - 2 scrolls of blinking {unknown}
 k - a scroll of enchant weapon {unknown}
 l - 2 scrolls of identify {unknown}
 n - a scroll of remove curse {unknown}
 p - a scroll of immolation {unknown}
 r - a scroll of amnesia {unknown}
 u - a scroll of magic mapping {unknown}
 v - a scroll of teleportation {unknown}
Potions
 c - 3 potions of curing
 j - a potion of brilliance {unknown}
 m - a potion of lignification {unknown}
 s - a potion of resistance {unknown}
 w - a potion of berserk rage {unknown}
Comestibles
 f - 7 bread rations
 h - 3 fruits


   Skills:
 + Level 2.4 Fighting
 + Level 1.3 Short Blades
 + Level 2.4 Maces & Flails
   Level 1.7 Polearms
 + Level 1.0 Armour
 + Level 1.8 Dodging
 + Level 2.3 Stealth
   Level 1.0 Evocations


You had 3 spell levels left.
You didn't know any spells.

Dungeon Overview and Level Annotations

Branches:
Dungeon (3/15)

Altars:
Gozag
Sif Muna
Uskayaw


Innate Abilities, Weirdness & Mutations

A weak demonic guardian rushes to your aid.
You regenerate a little health from kills.


Message History

The orc wizard gestures at you while chanting.
The magic dart hits you!
* * * LOW HITPOINT WARNING * * *
You barely miss the orc wizard.
The orc wizard is almost dead.
The orc wizard gestures wildly while chanting.
The orc wizard blinks!
The orc wizard casts a spell.
The orc wizard blinks!
The orc wizard casts a spell.
The orc wizard blinks!
The orc wizard casts a spell at you. The magic dart hits you!
* * * LOW HITPOINT WARNING * * *
The orc wizard gestures wildly while chanting.
The orc wizard blinks!
The orc wizard casts a spell at you. The magic dart hits you!
You die...
Your body crumbles into a pile of gold.

......##
#.....$##
#.......#
#.......#
#.#._<.o..#
#....$...##
#####...##
##..##
#.@.#
+.......#
####.ยง..#
##.#.#
###.# .# .#


You could see an orc wizard.

Vanquished Creatures
  A gnoll (D:1)
  An adder (D:2)
  A worm (D:2)
  3 dart slugs
  4 orcs (D:2)
  5 bats
  7 goblins
  3 hobgoblins
  A kobold (D:1)
  A ball python (D:2)
  2 frilled lizards (D:1)
  9 rats
38 creatures vanquished.

Vanquished Creatures (collateral kills)
  An orc priest (D:3)
1 creature vanquished.

Grand Total: 39 creatures vanquished

Notes
Turn   | Place    | Note
-------+----------+-------------------------------------------
     0 | D:1      | slep the Demonspawn Wanderer began the quest for the Orb.
     0 | D:1      | slep set off with: a +2 dagger, a scroll of fear, a potion of curing, a +0 mace, a +0 robe, a bread ration
     0 | D:1      | Reached XP level 1. HP: 16/16 MP: 1/1
   119 | D:1      | Gained mutation: You regenerate a little health from kills. [demonic ancestry]
   119 | D:1      | Reached XP level 2. HP: 9/22 MP: 2/2
   786 | D:1      | Gained mutation: A weak demonic guardian rushes to your aid. [demonic ancestry]
   786 | D:1      | Reached XP level 3. HP: 28/28 MP: 3/3
  1626 | D:2      | Found a faded altar of an unknown god.
  1633 | D:2      | Became a worshipper of Gozag Ym Sagoz the Greedy
  1812 | D:2      | Reached skill level 1 in Short Blades
  1848 | D:2      | Found a deep blue altar of Sif Muna.
  1935 | D:3      | Found a hide-covered altar of Uskayaw.
  1976 | D:2      | Reached XP level 4. HP: 30/34 MP: 4/4
  1986 | D:3      | Reached skill level 1 in Armour
  2005 | D:3      | Killed from afar by an orc wizard

Skill      XL: |  1  2  3  4 |
---------------+-------------+-----
Maces & Flails | 2 |  2.4
Stealth        | 2 |  2.3
Short Blades   | 1 |  1.3
Armour         | 1 |  1.0
Fighting       | |  2.4
Polearms       | |  1.7
Dodging        | |  1.8
Evocations     | |  1.0

Action                   |  1- 3 |  4- 6 || total
-------------------------+-------+-------++-------
Melee: Dagger            |   151 |    16 ||   167
Invok: Potion Petition   |     1 |       ||     1
  Use: Potion            |     1 |       ||     1
 Stab: Sleeping          |     1 |       ||     1
  Eat: Chunk             |     2 |       ||     2
       Fruit             |     1 |       ||     1
Armor: Ring mail         |    53 |     7 ||    60
       Robe              |     1 |       ||     1
Dodge: Dodged            |    62 |     9 ||    71
